 Dungeon Crawl Stone Soup version 0.26.1-11-gd32895ea62 (console) character file.

Game seed: 3012646161746729980

466 om the Chiller (level 6, 0/52 HPs)
             Began as a Deep Elf Ice Elementalist on June 24, 2021.
             Was an Initiate of Gozag.
             Slain by a centaur (2 damage)
             ... on level 4 of the Dungeon.
             The game lasted 00:12:31 (5666 turns).

om the Chiller (Deep Elf Ice Elementalist)          Turns: 5666, Time: 00:12:32

Health: 0/52       AC: 23    Str:  6    XL:     6   Next: 81%
Magic:  11/14      EV:  2    Int: 21    God:    Gozag
Gold:   159        SH:  0    Dex: 15    Spells: 6/13 levels left

rFire    + . .     SeeInvis .   j - +2 dagger (drain)
rCold    + . .     Faith    .   (no shield)
rNeg     + + +     Spirit   .   (armour currently unavailable)
rPois    +         Reflect  .   (helmet currently unavailable)
rElec    +         Harm     .   (cloak currently unavailable)
rCorr    +         Rampage  .   (gloves currently unavailable)
Will     .....     NoTele   +   (boots currently unavailable)
Stlth    +++.......             (no amulet)
HPRegen  0.17/turn              (no ring)
MPRegen  0.14/turn              (no ring)

@: mighty, tree-form, resistant, frozen ramparts
A: no striking features
a: End Transformation, Renounce Religion, Potion Petition, Call Merchant, Bribe
Branch


You were on level 4 of the Dungeon.
You worshipped Gozag.
Gozag was aware of your devotion.
You were a tree.
You visited 1 branch of the dungeon, and saw 4 of its levels.

You collected 576 gold pieces.
You paid 417 gold pieces to Gozag.

Inventory:

Hand Weapons
 b - a +1 hand axe of flaming
 j - a +2 dagger of draining (weapon)
Armour
 a - a +0 robe (melded)
 k - a +0 pair of boots (melded)
Wands
 m - a wand of digging (5)
Scrolls
 c - 2 scrolls of remove curse
 d - a scroll of blinking {unknown}
 f - a scroll of immolation {unknown}
 l - a scroll of teleportation
Potions
 e - 2 potions of brilliance
 g - 2 potions of might
 h - a potion of cancellation {unknown}
 i - a potion of lignification {unknown}
 n - a potion of curing {unknown}


   Skills:
 + Level 2.0 Fighting
 * Level 1.8 Short Blades
 * Level 5.4 Dodging
 + Level 4.3 Stealth
 - Level 4.0 Spellcasting
 + Level 5.5 Ice Magic


You had 6 spell levels left.
You knew the following spells:

 Your Spells              Type           Power        Failure   Level
a - Freeze                Ice            100%         1%          1
b - Frozen Ramparts       Ice            54%          3%          3
c - Ozocubu's Armour      Ice            27%          3%          3

Your spell library contained the following spells:

 Spells                   Type           Power        Failure   Level
 Hailstorm                Conj/Ice       15%          36%         4
 Summon Ice Beast         Ice/Summ       15%          36%         4


Dungeon Overview and Level Annotations

Branches:
Dungeon (4/15)
 Temple: D:4-7

Altars:
Gozag

Annotations:
D:3 Grinder, Jessica


Message History

The arrow hits you!
* * * LOW HITPOINT WARNING * * *
Okay, then.
Okay, then. [a] - 220 gold - curing and magic [b] - 320 gold - might, brilliance and magic [c] - 391 gold - lignification, might and resistance Purchase which effect?
You no longer have enough gold to petition Gozag for potion effects.
You turn into a tree.
Your +0 pair of boots melds into your body.
Your +0 robe melds into your body.
Your roots penetrate the ground.
You feel very mighty all of a sudden.
You feel protected.
The wall freezes the centaur.
The centaur hits you but does no damage.
The wall freezes the centaur.
The centaur shoots an arrow.
The arrow hits you but does no damage.
The wall freezes the centaur.
The centaur hits you but does no damage.
The wall freezes the centaur. x2; The centaur hits you.
You die...
Your body crumbles into a pile of gold.

########
######......#
#......####.# ##
#.####.####.#####
#.##.##
#..........#
......##.####.###..
##.##....####.# #..
##...##........#
#.(
#.#.##c.#.########
#..
#...c♣....#.....#
##.
#.#..##.#.#.....#
#.
#.##...##.#..#..#
#.
#..##.##..#.....#
#. #..............#
#. #.#########.####
##.
#..............#
#..
###..##..##.##.#
#.. #..........##.#
#.. #.......####..#
#.. #.............#
#.#


You could see 2 centaurs.

Vanquished Creatures
  An orc priest (D:3)
  Ijyb (D:3)
  Natasha (thrice) (D:3)
  An iguana (D:4)
  An orc wizard (D:4)
  A worker ant (D:3)
  Robin (D:2)
  7 adders
  3 gnolls (D:2)
  3 oozes
  3 worms
  A dart slug (D:1)
  5 leopard geckos
  12 orcs
  4 ball pythons
  7 bats
  4 giant cockroaches
  16 goblins
  17 hobgoblins
  7 jackals (D:3)
  2 quokkas (D:2)
  3 frilled lizards
  11 kobolds
  11 rats
125 creatures vanquished.

Notes
Turn   | Place    | Note
-------+----------+-------------------------------------------
     0 | D:1      | om the Deep Elf Ice Elementalist began the quest for the
                  | Orb.
     0 | D:1      | Reached XP level 1. HP: 10/10 MP: 6/6
   247 | D:1      | Reached XP level 2. HP: 15/15 MP: 6/8
   746 | D:1      | Reached XP level 3. HP: 9/20 MP: 4/9
  1513 | D:2      | Learned a level 3 spell: Frozen Ramparts
  1517 | D:2      | Learned a level 3 spell: Ozocubu's Armour
  1518 | D:2      | Noticed Robin
  1620 | D:2      | Reached XP level 4. HP: 24/24 MP: 8/11
  1928 | D:2      | Reached skill level 1 in Fighting
  1931 | D:2      | Reached skill level 5 in Ice Magic
  2478 | D:2      | Killed Robin
  2598 | D:2      | Found an opulent altar of Gozag.
  2606 | D:2      | Reached XP level 5. HP: 29/29 MP: 12/12
  2615 | D:2      | Became a worshipper of Gozag Ym Sagoz the Greedy
  3227 | D:3      | Noticed Grinder
  3230 | D:3      | Noticed Jessica
  3957 | D:3      | Noticed Natasha
  3961 | D:3      | Killed Natasha
  4273 | D:3      | Noticed Natasha
  4281 | D:3      | Killed Natasha
  4282 | D:3      | Reached XP level 6. HP: 35/35 MP: 10/14
  4534 | D:3      | Reached skill level 1 in Short Blades
  4534 | D:3      | Reached skill level 5 in Dodging
  4758 | D:3      | Noticed Ijyb
  4772 | D:3      | Killed Ijyb
  5269 | D:3      | Noticed Natasha
  5281 | D:3      | Killed Natasha
  5664 | D:4      | HP: 1/35 [centaur/arrow (16)]
  5666 | D:4      | Slain by a centaur

Illustrated notes

Levels and vault maps discovered:
D:1:      psy_arrival_statuary, layout_loops_ring
D:2:      layout_basic, overflow_temple_1_default, uniq_robin
D:3:      kennysheep_goblin_castle, layout_basic, kennysheep_cross_bottleneck,
          uniq_natasha, uniq_grinder, uniq_jessica
D:4:      layout_loops_cross, fedhas_altar_4, zin_treasury,
          grunt_temple_overflow_cloverleaf, minmay_manual_mares, uniq_edmund,
          uniq_crazy_yiuf_cottage

Skill      XL: |  1  2  3  4  5  6 |
---------------+-------------------+-----
Dodging        | 3 4 5 |  5.4
Stealth        | 3 4 |  4.3
Fighting       | 1 2 |  2.0
Ice Magic      | 5 |  5.5
Spellcasting   | 4 |  4.0
Short Blades   | 1 |  1.8

Action                   |  1- 3 |  4- 6 || total
-------------------------+-------+-------++-------
Melee: Unarmed           |     3 |       ||     3
       Dagger            |    15 |   109 ||   124
       Short sword       |     1 |       ||     1
 Cast: Freeze            |    31 |    34 ||    65
       Frozen Ramparts   |     1 |    21 ||    22
       Ozocubu's Armour  |     1 |     3 ||     4
Invok: Potion Petition   |       |     1 ||     1
  Use: Scroll            |     2 |     2 ||     4
 Stab: Sleeping          |     7 |     9 ||    16
       Distracted        |       |     1 ||     1
Armor: Robe              |     3 |    32 ||    35
       Skin              |       |     3 ||     3
Dodge: Dodged            |    24 |   148 ||   172
